 Dungeon Crawl Stone Soup version 0.21.1-1-g345015f (webtiles) character file.

823 wotfoxis the Thaumaturge (level 7, 0/36 HPs)
             Began as a Deep Elf Summoner on Feb 18, 2018.
             Was an Initiate of Kikubaaqudgha.
             Killed from afar by an orc wizard (5 damage)
             ... with a magic dart
             ... on level 6 of the Dungeon.
             The game lasted 00:50:34 (5133 turns).

wotfoxis the Thaumaturge (Deep Elf Summoner)        Turns: 5133, Time: 00:50:35

Health: 0/36       AC:  4    Str:  5    XL:     7   Next: 64%
Magic:  3/21       EV: 13    Int: 22    God:    Kikubaaqudgha [......]
Gold:   334        SH:  0    Dex: 15    Spells: 10/23 levels left

rFire    . . .     SeeInvis .   f - +3 dagger (vamp)
rCold    . . .     Gourm    .   (no shield)
rNeg     . . .     Faith    .   n - +0 animal skin
rPois    .         Spirit   .   o - +1 helmet
rElec    .         Reflect  .   (no cloak)
rCorr    .         Harm     .   (no gloves)
MR       .....                  (no boots)
Stlth    ++........             (no amulet)
HPRegen  0.12/turn              (no ring)
MPRegen  0.17/turn              (no ring)

@: flying, hasted, very quick
A: no striking features
a: Renounce Religion


You were on level 6 of the Dungeon.
You worshipped Kikubaaqudgha.
Kikubaaqudgha was noncommittal.
You were not hungry.

You visited 1 branch of the dungeon, and saw 6 of its levels.

You collected 334 gold pieces.

Inventory:

Hand Weapons
 f - a +3 vampiric dagger (weapon)
Armour
 a - a +0 robe
 n - a +0 animal skin (worn)
 o - a +1 helmet (worn)
Wands
 q - a wand of flame (22)
Scrolls
 d - a scroll of magic mapping
 h - 2 scrolls of teleportation
 p - a scroll of remove curse
 v - a scroll of amnesia {unknown}
 w - a scroll of fear {unknown}
Potions
 e - a potion of cancellation {unknown}
 g - 2 potions of curing
 j - a potion of might {unknown}
 k - 3 potions of flight
 r - 3 potions of lignification {unknown}
 s - a potion of berserk rage {unknown}
 t - a potion of magic {unknown}
 z - a potion of mutation {unknown}
 C - a potion of agility {unknown}
Books
 b - a book of Callings

   Spells                             Type                      Level
   a - Summon Small Mammal            Summoning                    1
   b - Call Imp                       Summoning                    2
   c - Call Canine Familiar           Summoning                    3
   d - Summon Guardian Golem          Hexes/Summoning              3
   e - Summon Lightning Spire         Summoning/Air                4
   f - Summon Ice Beast               Ice/Summoning                4
Comestibles
 c - 8 rations


   Skills:
 - Level 0.2 Fighting
 + Level 1.2 Short Blades
 + Level 3.2 Dodging
 + Level 3.5 Stealth
 + Level 8.5 Spellcasting
 + Level 0.1 Hexes
 + Level 7.1 Summonings


You had 10 spell levels left.
You knew the following spells:

 Your Spells              Type           Power        Failure   Level  Hunger
a - Summon Small Mammal   Summ           ####         1%          1    None
b - Call Imp              Summ           #####...     1%          2    None
c - Call Canine Familiar  Summ           #####...     1%          3    None
d - Summon Guardian Gole  Hex/Summ       ####....     4%          3    None
e - Summon Lightning Spi  Summ/Air       ####....     16%         4    ###....


Dungeon Overview and Level Annotations

Branches:
Dungeon (6/15)
 Temple: D:4-7

Altars:
Dithmenos
Gozag
Kikubaaqudgha
Nemelex Xobeh
Qazlal
Ru
Vehumet
Zin

Shops:
D:2 *


Message History

You feel yourself speed up.
A magic dart appears from out of thin air!
The magic dart hits you!
* * * LOW HITPOINT WARNING * * *
Your quokka bites the phantom but does no damage.
Your crimson imp hits the phantom.
Something hits your lightning spire but does no damage.
The phantom hits your lightning spire but does no damage.
Your quokka closely misses the phantom.
Your crimson imp barely misses the phantom.
The phantom hits something but does no damage.
Your quokka misses the phantom.
Your quokka closely misses the phantom.
The phantom hits something.
It was a potion of flight.
You feel very buoyant.
You fly up into the air.
A magic dart appears from out of thin air!
The magic dart hits you!
You die...
Kikubaaqudgha rasps: "You have failed me!
Welcome... death!"

...8.# ####
##.............#
..W.)####..##
##.............
............##
##..######....
.###.r5......#
#..# ###.. ##
###.####..## #.##
#.. ## ### ###.##
#.# #... .#######
##.## #.# ##..
.....o<# ##.###
..# .####o..#
##@.# .... ##
##.# #......# .#
##....#.. .#
.....# .. ......#
# ....... .......
# ..#.......#. #
##.##............


There were no monsters in sight!

Vanquished Creatures
  A worker ant (D:6)
  A hound skeleton (D:4)
  2 adders (D:2)
  A shadow imp (D:5)
  An adder skeleton (D:2)
  A leopard gecko (D:2)
  An orc (D:6)
  2 giant cockroaches
  5 goblins
  A hobgoblin (D:3)
  2 jackals (D:3)
  A kobold (D:5)
  2 quokkas
  4 bats
  A frilled lizard (D:2)
  A leopard gecko zombie (D:6)
  2 rats (D:2)
29 creatures vanquished.

Vanquished Creatures (collateral kills)
  2 water moccasins (D:6)
  A phantom (D:5)
  An ogre (D:5)
  A black bear (D:3)
  3 crimson imps (D:5)
  5 orc wizards
  A hound (D:4)
  5 orc priests
  3 centaur skeletons
  Ijyb (D:3)
  Jessica (D:3)
  A worker ant (D:6)
  An iguana (D:4)
  Robin (D:3)
  7 gnolls
  13 adders
  A shadow imp (D:5)
  An adder skeleton (D:5)
  2 worms (D:2)
  6 dart slugs
  A leopard gecko (D:1)
  10 orcs
  5 bats
  7 giant cockroaches
  14 goblins
  6 hobgoblins
  10 jackals
  8 kobolds
  4 quokkas
  2 ball pythons
  4 frilled lizards
  A giant cockroach zombie (D:5)
  A leopard gecko zombie (D:5)
  4 rats
134 creatures vanquished.

Grand Total: 163 creatures vanquished

Notes
Turn   | Place    | Note
-------+----------+-------------------------------------------
     0 | D:1      | wotfoxis the Deep Elf Summoner began the quest for the Orb.
     0 | D:1      | Reached XP level 1. HP: 10/10 MP: 6/6
   139 | D:1      | Reached XP level 2. HP: 15/15 MP: 1/8
   620 | D:2      | Reached skill level 5 in Summonings
   690 | D:2      | Reached XP level 3. HP: 19/19 MP: 6/10
   739 | D:2      | Found Zin's Purification Station.
   746 | D:2      | Reached skill level 4 in Spellcasting
   770 | D:2      | Found a glowing silver altar of Zin.
  1131 | D:3      | Noticed Robin
  1152 | D:3      | Killed Robin
  1162 | D:3      | Reached XP level 4. HP: 18/24 MP: 3/12
  1253 | D:2      | Learned a level 2 spell: Call Imp
  1257 | D:2      | Learned a level 3 spell: Call Canine Familiar
  1494 | D:3      | Noticed Ijyb
  1510 | D:3      | Killed Ijyb
  1510 | D:3      | Reached skill level 5 in Spellcasting
  1635 | D:4      | Reached XP level 5. HP: 28/28 MP: 3/14
  1810 | D:3      | Reached skill level 1 in Short Blades
  1822 | D:3      | Noticed Jessica
  1834 | D:3      | Killed Jessica
  1879 | D:3      | Noticed a black bear
  1887 | D:3      | Killed a black bear
  2505 | D:4      | Learned a level 3 spell: Summon Guardian Golem
  2586 | D:4      | Reached XP level 6. HP: 32/32 MP: 2/16
  2725 | D:4      | Reached skill level 6 in Spellcasting
  3159 | D:5      | Entered Level 5 of the Dungeon
  3802 | D:5      | Found a sacrificial altar of Ru.
  4088 | D:5      | Found a radiant altar of Vehumet.
  4088 | D:5      | Found an ancient bone altar of Kikubaaqudgha.
  4089 | D:5      | Found an opulent altar of Gozag.
  4108 | D:5      | Found a shadowy altar of Dithmenos.
  4174 | D:5      | Reached skill level 7 in Spellcasting
  4174 | D:5      | Reached XP level 7. HP: 36/36 MP: 12/19
  4189 | D:5      | Found a stormy altar of Qazlal.
  4222 | D:5      | Became a worshipper of Kikubaaqudgha
  4474 | D:6      | HP: 1/36 [poisoned by a water moccasin]
  4751 | D:6      | Learned a level 4 spell: Summon Lightning Spire
  4964 | D:6      | Found a sparkling altar of Nemelex Xobeh.
  5040 | D:6      | Reached skill level 8 in Spellcasting
  5133 | D:6      | Killed from afar by an orc wizard

Skill      XL: |  1  2  3  4  5  6  7 |
---------------+----------------------+-----
Summonings     | 5 6 7 |  7.1
Spellcasting   | 4 5 7 8 |  8.5
Stealth        | 3 |  3.5
Short Blades   | 1 |  1.2
Dodging        | 3 |  3.2
Fighting       | |  0.2
Hexes          | |  0.1

Action                   |  1- 3 |  4- 6 |  7- 9 || total
-------------------------+-------+-------+-------++-------
Melee: Short sword       |     8 |       |       ||     8
       Unarmed           |     3 |       |       ||     3
       Dagger            |    38 |    80 |    28 ||   146
 Cast: Summon Small Mamm |    72 |    76 |    37 ||   185
       Call Imp          |       |    32 |    15 ||    47
       Call Canine Famil |       |    19 |     6 ||    25
       Summon Guardian G |       |     8 |     1 ||     9
       Summon Lightning  |       |       |     1 ||     1
  Use: Scroll            |     4 |     5 |     3 ||    12
       Potion            |     1 |       |     5 ||     6
 Stab: Sleeping          |     2 |     4 |     1 ||     7
       Distracted        |     1 |     2 |     1 ||     4
  Eat: Ration            |     1 |     3 |       ||     4
       Chunk             |     2 |     5 |       ||     7
Armor: Robe              |     9 |       |       ||     9
       Animal skin       |       |    28 |     4 ||    32
Dodge: Dodged            |    36 |    65 |    21 ||   122
